 Dungeon Crawl Stone Soup version 0.19-a0-1508-g2ac1aae (webtiles) character file.

3384 MrRokkomies the Grappler (level 9, -6/92 (93) HPs)
             Began as a Troll Monk on Sept 11, 2016.
             Was an Elder of Nemelex Xobeh.
             Mangled by a yak (9 damage)
             ... on level 7 of the Dungeon.
             The game lasted 00:25:28 (5663 turns).

MrRokkomies the Grappler (Troll Monk)               Turns: 5663, Time: 00:25:32

HP:   -6/92 (93)    AC:  8    Str: 21    XL:     9   Next: 74%
MP:   10/10         EV: 10    Int:  7    God:    Nemelex Xobeh [****..]
Gold: 337           SH:  0    Dex: 14    Spells: 0 memorised, 8 levels left

rFire  . . .     SeeInvis +       - Unarmed
rCold  . . .     Gourm    +     a - +1 robe
rNeg   . . .     Faith    .     (no shield)
rPois  +         Spirit   .     (helmet restricted)
rElec  .         Dismiss  .     (no cloak)
rCorr  .         Reflect  .     (gloves unavailable)
MR     .....     Harm     .     (boots unavailable)
Stlth  +.........               (no amulet)
                                y - ring of poison resistance
                                I - ring of see invisible

@: confused, very slightly contaminated, invisible
A: unfitting armour, claws 3, icy blue scales 1, fast metabolism 3, gourmand,
low mp 1, regeneration 1, shaggy fur 1, tough skin 2, wild magic 1
a: Triple Draw, Deal Four, Renounce Religion


You were on level 7 of the Dungeon.
You worshipped Nemelex Xobeh.
Nemelex Xobeh was greatly pleased with you.
You were very full.

You visited 1 branch of the dungeon, and saw 7 of its levels.

You collected 337 gold pieces.

Inventory:

Missiles
 h - 324 stones (quivered)
 i - 77 poisoned needles
 j - 2 throwing nets
 A - 2 large rocks
 H - 3 tomahawks
Armour
 a - a +1 robe (worn)
Jewellery
 c - an uncursed ring of resist corrosion
 y - a ring of poison resistance (right claw)
 F - an uncursed ring of wizardry
 I - a ring of see invisible (left claw)
Wands
 E - a wand of random effects (12/48)
 R - a wand of digging (10/24)
Scrolls
 d - 5 scrolls of remove curse
 q - 4 scrolls of amnesia
 v - 3 scrolls of fog
 w - 3 scrolls of enchant armour
 D - a scroll of enchant weapon
 T - a scroll of immolation
Potions
 e - 2 potions of curing
 f - 4 potions of flight
 k - a potion of cancellation
 m - 2 potions of lignification
 t - 2 potions of invisibility
 u - a potion of might
 x - a potion of cure mutation
 z - a potion of agility
 B - a potion of resistance
 K - a potion of brilliance
 L - a potion of haste {unknown}
 N - a potion of beneficial mutation {unknown}
 Q - a potion of mutation
Miscellaneous
 n - an ornate deck of destruction
 o - a plain deck of destruction {drawn: 6}
 p - a plain deck of destruction
 s - a legendary deck of summoning {drawn: 3}
 C - a plain deck of destruction
 J - a plain deck of destruction
 O - an ornate deck of escape {drawn: 6}
 P - an ornate deck of escape
Comestibles
 b - 4 bread rations
 g - 4 beef jerkies
 r - 4 meat rations
 G - 2 slices of pizza
 M - 5 fruits
 S - a chunk of flesh


   Skills:
 * Level 7.2 Fighting
 - Level 2.4 Dodging
 - Level 1.1 Stealth
 * Level 10.2 Unarmed Combat
 - Level 5.0 Invocations


You had 8 spell levels left.
You didn't know any spells.

Dungeon Overview and Level Annotations

Branches:
Dungeon (7/15)             Temple (0/1) D:6

Altars:
Ashenzari
Gozag
Kikubaaqudgha
Makhleb
Nemelex Xobeh
Qazlal
Trog
Xom
Yredelemnul
Zin


Innate Abilities, Weirdness & Mutations

You are too large for most types of armour.
You have claws for hands.
Your metabolism is lightning-fast.
You like to eat raw meat.
Your natural rate of healing is unusually fast.
You are covered in fur. (AC +1)
You have very tough skin. (AC +2)
You are partially covered in icy blue scales. (AC +2)
Your magical capacity is low. (-10% MP)
Your spells are a little harder to cast, but a little more powerful.


Message History

The hog bites your centaur. The hog bites your centaur.
Your yaktaur captain hits the human!
The human hits your yaktaur captain with a hand axe.
Your centaur hits the hog. The hog bites your centaur.
The human hits your yaktaur captain with a hand axe.
Your centaur closely misses the hog.
The hog bites your centaur.
Your yaktaur captain hits the human!
The human dies!
Your centaur hits the hog. The hog bites your centaur.
Okay, then.
Unknown command.
You are confused.
You feel invigorated. The yak gores you.
* * * LOW HITPOINT WARNING * * *
The hog bites your centaur!
Your centaur dies!
Your centaur's corpse disappears in a puff of smoke!
Your yaktaur captain hits the hog.
The yak gores you!
You die...
Your body disappears without a glow.

....# #.# #.# #..####
#.#.#######.##########.####.####.
.........................†.......
#>.....................#########.
#.#.#######.#......)...#########.
#.#.# #.#.....ch.............
#.#.# #.+.....§..............
#.#.# #.#......#+#.<.........
#.#.#######.#...@Y.# ............
#................................
#...........#####.###............
#.#.......#.......# ..[........
#.#######.#.#####.# ...........
#.# ####[#W......#####.#.#####.#
#.# #....#.............#.# #...
#.####....#.###.#....#..#.# #..#
#.........#.# #.#....#....####..#


You could see a yak, a hog and a friendly yaktaur captain.

Vanquished Creatures
  2 yaks (D:7)
  2 hogs (D:7)
  Edmund (D:4)
  A slave (D:4)
  A necrophage (D:6)
  A sky beast (D:5)
  A wasp (D:4)
  An ogre (D:5)
  A centaur (D:5)
  Blork the orc (D:4)
  4 giant frogs
  3 scorpions
  A howler monkey (D:6)
  3 crimson imps
  A quasit (D:6)
  2 jellies
  4 hounds
  A centaur skeleton (D:7)
  A giant frog skeleton (D:3)
  An iguana (D:5)
  Jessica (D:2)
  An orc wizard (D:4)
  10 worker ants
  A hound skeleton (D:4)
  A howler monkey zombie (D:6)
  A worker ant zombie (D:5)
  3 gnolls (D:3)
  7 adders
  A river rat (D:4)
  A shadow imp (D:6)
  An ooze (D:3)
  An adder skeleton (D:6)
  4 worms
  3 dart slugs
  2 giant geckos
  16 orcs
  13 bats
  A giant cockroach (D:2)
  7 goblins
  2 hobgoblins
  14 jackals
  3 quokkas
  3 giant gecko skeletons
  6 giant newts
  6 kobolds
  A quokka skeleton (D:5)
  3 rats
146 creatures vanquished.

Vanquished Creatures (collateral kills)
  The ghost of Mandevil the Thaumaturge, a novice DECj of Vehumet (D:7)
  4 yaks (D:7)
  A human (D:7)
  A basilisk (D:4)
7 creatures vanquished.

Grand Total: 153 creatures vanquished

Notes
Turn   | Place    | Note
-------+----------+-------------------------------------------
     0 | D:1      | MrRokkomies the Troll Monk began the quest for the Orb.
     0 | D:1      | Reached XP level 1. HP: 22/22 MP: 0/0
   181 | D:1      | Reached XP level 2. HP: 29/29 MP: 1/1
   562 | D:2      | Found a glowing silver altar of Zin.
   562 | D:2      | Found a shattered altar of Ashenzari.
   562 | D:2      | Found a sparkling altar of Nemelex Xobeh.
   570 | D:2      | Became a worshipper of Nemelex Xobeh the Trickster
   570 | D:2      | Received a gift from Nemelex Xobeh
   570 | D:2      | Reached * piety under Nemelex Xobeh
   570 | D:2      | Received a gift from Nemelex Xobeh
   570 | D:2      | Received a gift from Nemelex Xobeh
   570 | D:2      | Reached ** piety under Nemelex Xobeh
   827 | D:2      | Reached XP level 3. HP: 34/37 MP: 2/2
  1004 | D:2      | Reached skill level 1 in Invocations
  1055 | D:2      | Noticed Jessica
  1063 | D:2      | Killed Jessica
  1063 | D:2      | Reached skill level 4 in Unarmed Combat
  1063 | D:2      | Reached XP level 4. HP: 45/45 MP: 2/4
  1434 | D:3      | Received a gift from Nemelex Xobeh
  1542 | D:3      | Found a shattered altar of Ashenzari.
  1886 | D:3      | Reached *** piety under Nemelex Xobeh
  1964 | D:3      | Reached XP level 5. HP: 48/53 MP: 5/5
  2473 | D:4      | Noticed Edmund
  2499 | D:4      | Killed Edmund
  2499 | D:4      | Reached skill level 5 in Unarmed Combat
  2499 | D:4      | Reached XP level 6. HP: 14/61 MP: 7/7
  2583 | D:4      | Noticed Blork the orc
  2602 | D:4      | Killed Blork the orc
  2728 | D:4      | Noticed a slave
  2742 | D:4      | Reached XP level 7. HP: 66/67 MP: 9/9
  2757 | D:4      | Noticed Pikel
  2758 | D:4      | Noticed Pikel
  2758 | D:4      | Pikel changed into Pikel the basilisk
  2763 | D:4      | Killed Pikel the basilisk
  2763 | D:4      | Reached skill level 6 in Unarmed Combat
  2845 | D:4      | Received a gift from Nemelex Xobeh
  3086 | D:4      | Noticed Dowan
  3087 | D:4      | Noticed Duvessa
  3089 | D:4      | Noticed Dowan
  3089 | D:4      | Dowan changed into Dowan the river rat
  3089 | D:4      | Noticed Duvessa
  3089 | D:4      | Duvessa changed into Duvessa the wasp
  3095 | D:4      | Killed Duvessa the wasp
  3098 | D:4      | Killed Dowan the river rat
  3222 | D:5      | Entered Level 5 of the Dungeon
  3274 | D:5      | Found a burning altar of Makhleb.
  3277 | D:5      | Found a stormy altar of Qazlal.
  3319 | D:5      | Found an ancient bone altar of Kikubaaqudgha.
  3322 | D:5      | Found a basalt altar of Yredelemnul.
  3503 | D:5      | Reached skill level 5 in Invocations
  3651 | D:5      | Reached skill level 7 in Unarmed Combat
  3902 | D:5      | Reached XP level 8. HP: 59/75 MP: 10/10
  4079 | D:5      | Found an opulent altar of Gozag.
  4188 | D:5      | Received a gift from Nemelex Xobeh
  4432 | D:6      | Reached **** piety under Nemelex Xobeh
  4594 | D:6      | Found a staircase to the Ecumenical Temple.
  4603 | D:6      | Reached skill level 8 in Unarmed Combat
  4730 | D:6      | Received a gift from Nemelex Xobeh
  4783 | D:6      | Reached skill level 5 in Fighting
  5210 | D:7      | Received a gift from Nemelex Xobeh
  5257 | D:7      | Found a shimmering altar of Xom.
  5272 | D:7      | Found a shimmering altar of Xom.
  5273 | D:7      | Found a shimmering altar of Xom.
  5274 | D:7      | Found a shimmering altar of Xom.
  5275 | D:7      | Found a shimmering altar of Xom.
  5275 | D:7      | Found a shimmering altar of Xom.
  5279 | D:7      | Found a shimmering altar of Xom.
  5317 | D:7      | Reached XP level 9. HP: 87/87 MP: 11/11
  5367 | D:7      | Noticed Mandevil's ghost (novice DECj)
  5374 | D:7      | Killed Mandevil's ghost
  5374 | D:7      | Reached skill level 9 in Unarmed Combat
  5398 | D:7      | Found a bloodstained altar of Trog.
  5633 | D:7      | Reached skill level 10 in Unarmed Combat
  5646 | D:7      | Gained mutation: Your magical capacity is low. (-10% MP) [potion of mutation]
  5646 | D:7      | Gained mutation: You are partially covered in icy blue scales. (AC +2) [potion of mutation]
  5646 | D:7      | Gained mutation: Your spells are a little harder to cast, but a little more powerful. [potion of mutation]
  5655 | D:7      | HP: 3/92 [hog (8)]
  5663 | D:7      | HP: 3/92 [yak (5)]
  5663 | D:7      | Mangled by a yak

Vault maps used:
D:1:      kennysheep_arrival_seaside
D:2:      grunt_temple_overflow_open, uniq_jessica
D:3:      nicolae_ashenzari_panopticon
D:4:      hex_intersection, uniq_edmund, uniq_duvessa, uniq_blork_the_orc,
          uniq_pikel
D:5:      grunt_temple_overflow_cloverleaf, first_bread, grunt_gozag_breadcrumbs
D:6:      kennysheep_minor_cross
D:7:      nicolae_overflow_hidden_temple, grunt_livestock,
          nicolae_xom_altar_mimics

Skill      XL: |  1  2  3  4  5  6  7  8  9 |
---------------+----------------------------+-----
Fighting       | 3 5 7 |  7.2
Invocations    | 1 2 3 4 5 |  5.0
Unarmed Combat | 4 5 7 8 10 | 10.2
Dodging        | |  2.4
Stealth        | |  1.1

Action                   |  1- 3 |  4- 6 |  7- 9 || total
-------------------------+-------+-------+-------++-------
Melee: Unarmed           |   101 |   143 |   258 ||   502
       Punch             |     2 |     3 |     9 ||    14
Throw: Stone             |       |       |     2 ||     2
Invok: Triple Draw       |       |       |     1 ||     1
Evoke: Deck              |       |     1 |    11 ||    12
  Use: Scroll            |       |    17 |     4 ||    21
       Potion            |       |     1 |     3 ||     4
 Stab: Sleeping          |       |     2 |     3 ||     5
  Eat: Chunk             |    15 |    15 |    27 ||    57
Armor: Robe              |    51 |    42 |    72 ||   165
Dodge: Dodged            |    69 |    72 |   118 ||   259
